 Dungeon Sprint DCSS version 0.19-a0-1626-g5215c36 (webtiles) character file.

643 poirepourri the Unseen (level 7, -5/33 HPs)
             Began as a Spriggan Enchanter on Sept 18, 2016.
             Was an Initiate of Fedhas.
             Shot with an arrow by a centaur warrior (20 damage)
             ... in the Dungeon (Sprint I: "Red Sonja").
             The game lasted 00:01:26 (413 turns).

poirepourri the Unseen (Spriggan Enchanter)          Turns: 413, Time: 00:01:27

Health: -5/33      AC:  3    Str:  4    XL:     7   Next: 26%
Magic:  16/18      EV: 23    Int: 17    God:    Fedhas [......]
Gold:   297        SH:  0    Dex: 18    Spells: 2 memorised, 17 levels left

rFire  . . .     SeeInvis +     a - +1 dagger
rCold  . . .     Gourm    .     b - +1 robe
rNeg   . . .     Faith    .     (shield restricted)
rPois  .         Spirit   .     (helmet restricted)
rElec  .         Dismiss  .     (no cloak)
rCorr  .         Reflect  .     (gloves unavailable)
MR     +....     Harm     .     (boots unavailable)
Stlth  +++++++... NoTele   +    (no amulet)
                                (no ring)
                                (no ring)

@: very quick
A: unfitting armour, see invisible, herbivore 3, speed 3, slow metabolism 2
a: Renounce Religion


You were in the Dungeon.
You worshipped Fedhas.
Fedhas was noncommittal.
You were not hungry.

You visited 1 branch You collected 297 gold pieces.

Inventory:

Hand Weapons
 a - a +1 dagger (weapon)
Armour
 b - a +1 robe (worn)
Wands
 k - a wand of polymorph (6/24)
Scrolls
 j - a scroll of blinking
 l - a scroll of random uselessness {unknown}
Potions
 e - a potion of curing
 f - a potion of heal wounds
 g - a potion of haste
 h - 2 potions of magic
 i - a potion of berserk rage
Books
 c - a book of Maledictions

   Spells                             Type                      Level
   a - Corona                         Hexes                        1
   b - Ensorcelled Hibernation        Hexes/Ice                    2
   c - Confuse                        Hexes                        3
   d - Tukima's Dance                 Hexes                        3
   e - Dazzling Spray                 Conjuration/Hexes            3
Comestibles
 d - a bread ration
 m - a royal jelly


   Skills:
 + Level 1.2 Fighting
 + Level 4.8 Short Blades
 + Level 7.2 Dodging
 * Level 15.5 Stealth
 + Level 7.1 Spellcasting
 + Level 10.5 Hexes
 + Level 0.2 Ice Magic


You had 17 spell levels left.
You knew the following spells:

 Your Spells              Type           Power        Failure   Level  Hunger
a - Corona                Hex            #####..      1%          1    None
b - Ensorcelled Hibernat  Hex/Ice        ###...       1%          2    None


Dungeon Overview and Level Annotations

Branches:
Dungeon (1/1)

Altars:
Cheibriados
Dithmenos
Elyvilon
Fedhas
Gozag
Hepliaklqana
Kikubaaqudgha
Makhleb
Nemelex Xobeh
Okawaru
Qazlal
Ru
Sif Muna
Trog
Uskayaw
Vehumet
Xom
Yredelemnul
Zin
The Shining One
Jiyva
Lugonu

Shops:
D [


Innate Abilities, Weirdness & Mutations

You are tiny and cannot use many weapons and most armour.
You have supernaturally acute eyesight. (SInv)
You are a herbivore.
You cover ground extremely quickly.
You need consume almost no food.


Message History

Moving in this stuff is going to be slow.
Found a scroll labeled SEMIOR DAOSA.
A centaur warrior comes into view.
The centaur warrior shouts!
You hear a shout!
The centaur warrior wields a shortbow.
The centaur warrior shoots an arrow.
The arrow hits you!!
Ouch! That really hurt!
You hear a splash.
Found a leather armour.
A centaur warrior comes into view.
You see here an arrow.
The centaur warrior wields a shortbow.
The centaur warrior shoots an arrow.
The arrow closely misses you.
You hear a splash.
You see here an arrow.
A nearby toadstool withers and dies.
The centaur warrior shoots an arrow.
The arrow hits you!!
Ouch! That really hurt!
You die...
Fedhas appreciates your contribution to the ecosystem.

###################
#<.#..'..#.)'..#__#
#..'..#.)'..#..'..+
#..#####'#####'#__###
#..####..#...#.####§§
#..#__####..##.#§§§§§#
#..#_____##P#§.@§c§§§+
#⌠⌠#_.∩...÷P..§#§≈≈c§#
####_..__##P.#§##+####
#_____###+#)# #######
###


You could see 2 centaur warriors.

Vanquished Creatures
  A slime creature (D)
  Sigmund (D)
  A yak (D)
  An ogre (D)
  A jelly (D)
  Ijyb (D)
6 creatures vanquished.

Vanquished Creatures (others)
  A toadstool (D)
1 creature vanquished.

Grand Total: 7 creatures vanquished

Notes
Turn   | Place    | Note
-------+----------+-------------------------------------------
     0 | D        | poirepourri the Spriggan Enchanter began the quest for the Orb.
     0 | D        | Reached XP level 1. HP: 9/9 MP: 5/5
     1 | D        | Noticed Ijyb
    10 | D        | Killed Ijyb
    10 | D        | Reached skill level 6 in Stealth
    10 | D        | Reached skill level 5 in Hexes
    10 | D        | Reached XP level 2. HP: 9/13 MP: 5/7
   112 | D        | Learned a level 2 spell: Ensorcelled Hibernation
   114 | D        | Noticed an ogre
   116 | D        | Killed an ogre
   116 | D        | Reached skill level 5 in Dodging
   116 | D        | Reached skill level 9 in Stealth
   116 | D        | Reached XP level 3. HP: 16/16 MP: 8/10
   116 | D        | Reached XP level 4. HP: 21/21 MP: 8/11
   147 | D        | Noticed Sigmund
   150 | D        | Killed Sigmund
   150 | D        | Reached skill level 11 in Stealth
   150 | D        | Reached XP level 5. HP: 25/25 MP: 11/14
   150 | D        | Reached XP level 6. HP: 29/29 MP: 12/16
   180 | D        | Found a deep blue altar of Sif Muna.
   182 | D        | Found a radiant altar of Vehumet.
   186 | D        | Reached skill level 12 in Stealth
   223 | D        | Found Kaop Sanamo's Armour Emporium.
   223 | D        | Found an ancient bone altar of Kikubaaqudgha.
   223 | D        | Found a hazy altar of Hepliaklqana.
   223 | D        | Found a stormy altar of Qazlal.
   223 | D        | Found a hide-covered altar of Uskayaw.
   223 | D        | Found a blossoming altar of Fedhas.
   223 | D        | Found a bloodstained altar of Trog.
   223 | D        | Found an iron altar of Okawaru.
   223 | D        | Found a basalt altar of Yredelemnul.
   223 | D        | Found a glowing golden altar of the Shining One.
   223 | D        | Found a snail-covered altar of Cheibriados.
   223 | D        | Found a sacrificial altar of Ru.
   223 | D        | Found a glowing silver altar of Zin.
   223 | D        | Found a shadowy altar of Dithmenos.
   223 | D        | Found a white marble altar of Elyvilon.
   223 | D        | Noticed a yak
   233 | D        | Killed a yak
   233 | D        | Reached skill level 1 in Fighting
   233 | D        | Reached skill level 14 in Stealth
   233 | D        | Reached skill level 10 in Hexes
   234 | D        | Found an opulent altar of Gozag.
   235 | D        | Found a sparkling altar of Nemelex Xobeh.
   352 | D        | Became a worshipper of Dithmenos the Shadowed
   370 | D        | Found a burning altar of Makhleb.
   370 | D        | Found a viscous altar of Jiyva.
   370 | D        | Found a shimmering altar of Xom.
   370 | D        | Found a corrupted altar of Lugonu.
   370 | D        | Noticed a slime creature
   374 | D        | Killed a slime creature
   374 | D        | Reached skill level 15 in Stealth
   374 | D        | Reached XP level 7. HP: 30/33 MP: 12/18
   394 | D        | Fell from the grace of Dithmenos
   394 | D        | Became a worshipper of Fedhas Madash
   411 | D        | Noticed a centaur warrior
   412 | D        | Noticed a centaur warrior
   413 | D        | Shot with an arrow by a centaur warrior

Vault maps used:
D:        dungeon_sprint_1

Skill      XL: |  1  2  3  4  5  6 |
---------------+-------------------+-----
Short Blades   | 2 4 |  4.8
Dodging        | 4 5 6 7 |  7.2
Stealth        | 6 9 11 15 | 15.5
Spellcasting   | 3 4 6 7 |  7.1
Hexes          | 5 7 9 10 | 10.5
Fighting       | 1 |  1.2
Ice Magic      | |  0.2

Action                   |  1- 3 |  4- 6 |  7- 9 || total
-------------------------+-------+-------+-------++-------
Melee: Dagger            |     8 |    12 |       ||    20
 Cast: Ensorcelled Hiber |       |     3 |       ||     3
 Stab: Sleeping          |     2 |     4 |       ||     6
Armor: Robe              |     1 |       |       ||     1
Dodge: Dodged            |     2 |     7 |     1 ||    10
